 Dungeon Crawl Stone Soup version 0.22-a0-587-g7d32d7c (webtiles) character file.

2501 Hebeh the Cleaver (level 9, -2/79 HPs)
             Began as a Minotaur Fighter on July 4, 2018.
             Was a Follower of Trog.
             Slain by a yak (8 damage)
             ... on level 7 of the Dungeon.
             The game lasted 00:20:54 (6080 turns).

Hebeh the Cleaver (Minotaur Fighter)                Turns: 6080, Time: 00:20:55

Health: -2/79      AC: 10    Str: 27    XL:     9   Next: 28%
Magic:  8/8        EV:  8    Int:  5    God:    Trog [*.....]
Gold:   138        SH: 12    Dex: 11    Spells: 8/8 levels left

rFire    + . .     SeeInvis .   a - +0 war axe
rCold    x . .     Gourm    .   c - +1 shield
rNeg     . . .     Faith    .   v - +0 scale mail
rPois    .         Spirit   .   (helmet restricted)
rElec    .         Reflect  .   x - +0 cloak
rCorr    .         Harm     .   (no gloves)
MR       .....                  B - +0 pair of boots
Stlth    ..........             (no amulet)
HPRegen  0.23/turn              o - +4 ring of strength
MPRegen  0.11/turn              r - ring of fire

@: berserk cooldown, slowed, very slow
A: retaliatory headbutt, horns 2
a: Berserk, Renounce Religion


You were on level 7 of the Dungeon.
You worshipped Trog.
Trog was aware of your devotion.
You were very hungry.

You visited 2 branches of the dungeon, and saw 8 of its levels.

You collected 281 gold pieces.
You spent 143 gold pieces at shops.

Inventory:

Hand Weapons
 a - a +0 war axe (weapon)
 b - a +1 hunting sling
Missiles
 m - 6 javelins (quivered)
 t - 42 sling bullets
Armour
 c - a +1 shield (worn)
 v - a +0 scale mail (worn)
 x - a +0 cloak (worn)
 B - a +0 pair of boots (worn)
Jewellery
 o - a +4 ring of strength (left hand)
 r - a ring of fire (right hand)
 C - a cursed ring of teleportation {unknown}
 E - an uncursed ring of flight {unknown}
Wands
 g - a wand of flame (24)
 j - a wand of acid (10)
 A - a wand of paralysis (15)
Scrolls
 e - 4 scrolls of teleportation
 h - 2 scrolls of identify
 i - a scroll of enchant weapon
 l - 5 scrolls of remove curse
 u - a scroll of vulnerability {unknown}
 y - a scroll of enchant armour
 z - a scroll of fear {unknown}
 D - a scroll of blinking
Potions
 d - 4 potions of might
 k - 6 potions of curing
 n - 2 potions of lignification
 p - a potion of berserk rage {unknown}
 q - 2 potions of flight
 s - 2 potions of heal wounds
Comestibles
 f - 9 rations


   Skills:
 + Level 7.2 Fighting
 * Level 9.2 Axes
 + Level 4.8 Slings
 + Level 7.2 Armour
 + Level 7.1 Shields


You had 8 spell levels left.
You didn't know any spells.
Your spell library was empty.

Dungeon Overview and Level Annotations

Branches:
Dungeon (7/15)             Temple (1/1) D:5

Altars:
Ashenzari
Cheibriados
Dithmenos
Elyvilon
Fedhas
Gozag
Hepliaklqana
Kikubaaqudgha
Makhleb
Nemelex Xobeh
Okawaru
Qazlal
Ru
Sif Muna
Trog
Uskayaw
Vehumet
Wu Jian
Xom
Yredelemnul
Zin
The Shining One

Shops:
D:6 !   D:7 :

Annotations:
D:4 2 runed doors, ThereIsNoGod's ghost, amateur MfCK


Innate Abilities, Weirdness & Mutations

You reflexively headbutt those who attack you in melee.
You have a pair of horns on your head.


Message History

You kill the leopard gecko!
Trog accepts your kill. You block the hog's attack.
You barely miss the hog. You headbutt the hog!
The hog is almost dead.
The hog bites you.
* * * LOW HITPOINT WARNING * * *
You completely miss the hog.
The hog is almost dead.
You barely miss the yak. The hog bites you but does no damage.
You slash the hog!
You kill the hog!
Trog accepts your kill.
You closely miss the yak. You block the yak's attack.
You are no longer berserk.
You are exhausted.
You feel yourself slow down. The yak barely misses you.
Your shield and scale mail prevent you from hitting the yak.
The yak gores you!
You die...

#.# ##...##
#.#####.###.#
#.......# #.#
#.#####.###.#
#.######...##
#..........#
#.########.#
#.# ##..# #.#
#.Y@# #.#
##)## #.#
#((# #.#
#(.#.. #.#
#..'..# ###.#
#%.#..# #[..#
#%%#..# #.###
#######
#####.#


You could see a yak.

Vanquished Creatures
  3 hogs (D:7)
  A human (D:7)
  2 ice beasts
  A phantom (D:5)
  4 ogres
  4 bullfrogs
  A wyvern zombie (D:6)
  A scorpion (D:7)
  2 crimson imps (D:6)
  3 hounds (D:5)
  4 orc priests
  3 bullfrog skeletons
  A jelly (D:7)
  3 iguanas
  Natasha (twice) (D:3)
  An orc wizard (D:7)
  3 worker ants
  A hound zombie (D:6)
  A howler monkey zombie (D:5)
  10 adders
  6 gnolls
  2 oozes (D:1)
  2 adder skeletons
  4 worms
  3 dart slugs
  5 leopard geckos
  17 orcs
  4 ball pythons
  10 bats
  2 giant cockroaches (D:4)
  15 goblins
  11 hobgoblins
  9 jackals
  6 kobolds
  2 quokkas (D:2)
  3 frilled lizards
  A jackal zombie (D:6)
  A leopard gecko skeleton (D:5)
  A quokka skeleton (D:6)
  A quokka zombie (D:5)
  10 rats
166 creatures vanquished.

Notes
Turn   | Place    | Note
-------+----------+-------------------------------------------
     0 | D:1      | Hebeh the Minotaur Fighter began the quest for the Orb.
     0 | D:1      | Reached XP level 1. HP: 19/19 MP: 0/0
    60 | D:1      | Reached XP level 2. HP: 27/27 MP: 1/1
   137 | D:1      | Reached skill level 3 in Axes
   454 | D:1      | Reached XP level 3. HP: 33/33 MP: 2/2
   828 | D:2      | Found a glowing silver altar of Zin.
  1179 | D:2      | Reached XP level 4. HP: 36/40 MP: 3/3
  1341 | D:2      | Reached skill level 4 in Axes
  1385 | D:2      | Found a sparkling altar of Nemelex Xobeh.
  1948 | D:3      | Reached XP level 5. HP: 47/47 MP: 4/4
  2298 | D:3      | Noticed Natasha
  2306 | D:3      | Killed Natasha
  2306 | D:3      | Reached skill level 1 in Slings
  2361 | D:3      | Noticed Natasha
  2368 | D:3      | Killed Natasha
  2393 | D:3      | Reached skill level 5 in Axes
  2393 | D:3      | Reached XP level 6. HP: 52/55 MP: 5/5
  2899 | D:3      | Found a faded altar of an unknown god.
  3058 | D:4      | Found a runed door.
  3068 | D:4      | Noticed ThereIsNoGod's ghost (amateur MfCK)
  3090 | D:4      | Reached skill level 5 in Armour
  3099 | D:4      | Noticed an ice beast
  3105 | D:4      | Killed an ice beast
  3105 | D:4      | Reached skill level 5 in Fighting
  3105 | D:4      | Reached skill level 5 in Shields
  3253 | D:4      | Found a glowing golden altar of the Shining One.
  3399 | D:4      | Found a runed door.
  3616 | D:4      | Reached skill level 6 in Axes
  3616 | D:4      | Reached XP level 7. HP: 51/61 MP: 6/6
  3762 | D:5      | Entered Level 5 of the Dungeon
  3763 | D:5      | Found a staircase to the Ecumenical Temple.
  3850 | Temple   | Entered the Ecumenical Temple
  3855 | Temple   | Became a worshipper of Trog the Wrathful
  4142 | D:5      | Reached skill level 7 in Axes
  4334 | D:5      | Found an ancient bone altar of Kikubaaqudgha.
  4436 | D:6      | Found Tousmus's Distillery.
  4451 | D:6      | Bought a potion of curing for 39 gold pieces
  4451 | D:6      | Bought a potion of heal wounds for 65 gold pieces
  4451 | D:6      | Bought a potion of curing for 39 gold pieces
  4474 | D:6      | Reached XP level 8. HP: 70/70 MP: 7/7
  5245 | D:7      | Reached skill level 8 in Axes
  5322 | D:7      | Reached * piety under Trog
  5490 | D:7      | Found Ititom's Book Emporium.
  5576 | D:7      | Found a snail-covered altar of Cheibriados.
  5577 | D:7      | Found an iron altar of Okawaru.
  5578 | D:7      | Found a glowing golden altar of the Shining One.
  5581 | D:7      | Found a shattered altar of Ashenzari.
  6061 | D:7      | Reached XP level 9. HP: 40/78 MP: 8/8
  6068 | D:7      | Reached skill level 9 in Axes
  6080 | D:7      | Slain by a yak

Vault maps used:
D:1:      minmay_arrival_shattered_statue, st_stairs_9
D:2:      kennysheep_six_static_rooms, nemelex_xobeh_ov_fountains_minmay,
          overflow_temple_1_default
D:3:      chequers_ecumenical_altar_grove, first_ration, uniq_natasha
D:4:      ebering_ghost_sewer_f, tso_metal_star
D:5:      overflow_temple_1_default, minmay_temple_entry_large_hall
D:6:      serial_shops, shop
D:7:      minitemple, serial_shops, shop, grunt_livestock, st_stairs_9,
          kennysheep_cross_room, corner_web_ring, minmay_joined_circles
Temple:   minmay_freezing_vapour_temple

Skill      XL: |  1  2  3  4  5  6  7  8  9 |
---------------+----------------------------+-----
Axes           | 3 4 5 6 7 8 9 |  9.2
Armour         | 4 5 6 7 |  7.2
Fighting       | 4 5 6 7 |  7.2
Shields        | 4 5 6 7 |  7.1
Slings         | 1 2 3 4 |  4.8

Action                   |  1- 3 |  4- 6 |  7- 9 || total
-------------------------+-------+-------+-------++-------
Melee: War axe           |    94 |   145 |   132 ||   371
       Headbutt          |    12 |    27 |    41 ||    80
 Fire: Hunting sling     |       |    14 |    51 ||    65
Throw: Javelin           |       |     8 |     4 ||    12
Invok: Berserk           |       |       |     1 ||     1
  Use: Scroll            |       |     7 |     5 ||    12
  Eat: Chunk             |     1 |     8 |     4 ||    13
       Ration            |       |       |     1 ||     1
Armor: Scale mail        |    54 |    60 |    53 ||   167
Dodge: Dodged            |    41 |    46 |    46 ||   133
Block: Shield            |    57 |    93 |    85 ||   235

Table legend:
 A = Spawn XP
 B = Non-spawn XP
 C = Spawn XP percentage of total XP
 D = Spawn monster count
 E = Non-spawn monster count
 F = Spawn count percentage of total count
 G = Total turns spent on level
                    A         B        C        D         E        F      G
               +---------+---------+-------+---------+---------+-------+---------
         Total |       0 |    3574 |   0.0 |       0 |     166 |   0.0 |  6080
               +---------+---------+-------+---------+---------+-------+---------
           D:1 |       0 |      58 |   0.0 |       0 |      27 |   0.0 |   790
           D:2 |       0 |     120 |   0.0 |       0 |      35 |   0.0 |  1023
           D:3 |       0 |     308 |   0.0 |       0 |      31 |   0.0 |  1196
           D:4 |       0 |     288 |   0.0 |       0 |      16 |   0.0 |   753
           D:5 |       0 |     638 |   0.0 |       0 |      19 |   0.0 |   658
           D:6 |       0 |     543 |   0.0 |       0 |      16 |   0.0 |   805
           D:7 |       0 |    1619 |   0.0 |       0 |      22 |   0.0 |   842
               +---------+---------+-------+---------+---------+-------+---------
